 Dungeon Crawl Stone Soup version 0.26.1-2-gb8aa6d0cf2 (webtiles) character file.

Game seed: 17357891268451947909

3981 Ladykiller69 the Cleaver (level 10, -16/94 HPs)
             Began as a Hill Orc Gladiator on Mar 19, 2021.
             Was a Believer of Wu Jian.
             Demolished by a two-headed ogre
             ... wielding a +0 giant club
              (25 damage)
             ... on level 9 of the Dungeon.
             The game lasted 00:15:23 (10851 turns).

Ladykiller69 the Cleaver (Hill Orc Gladiator)      Turns: 10851, Time: 00:15:23

Health: -16/94     AC: 12    Str: 17    XL:     10   Next: 22%
Magic:  10/10      EV: 11    Int: 11    God:    Wu Jian [**....]
Gold:   463        SH:  0    Dex: 10    Spells: 9/9 levels left

rFire    + . .     SeeInvis .   a - +0 war axe
rCold    . . .     Faith    .   (no shield)
rNeg     + . .     Spirit   .   y - +3 ring mail of Eternal Night {rN+ Int+3 Dex-2}
rPois    .         Reflect  .   c - +0 helmet
rElec    .         Harm     .   H - +0 cloak
rCorr    .         Rampage  .   E - +0 pair of gloves
Will     .....                  F - +0 pair of boots
Stlth    ..........             (no amulet)
HPRegen  0.25/turn              J - -4 ring of strength (curse)
MPRegen  0.12/turn              C - ring of protection from fire

@: no status effects
A: no striking features
a: Renounce Religion, Wall Jump


You were on level 9 of the Dungeon.
You worshipped Wu Jian.
Wu Jian was pleased with you.
You visited 2 branches of the dungeon, and saw 10 of its levels.

You collected 463 gold pieces.

Inventory:

Hand Weapons
 a - a +0 war axe (weapon)
Missiles
 d - 3 throwing nets (quivered)
 B - 4 javelins
 D - 7 atropa-tipped darts
 G - 15 poisoned darts
Armour
 b - a +0 leather armour
 c - a +0 helmet (worn)
 o - a +0 ring mail
 q - a +0 chain mail
 t - a scarf of invisibility
 y - the +3 ring mail of Eternal Night (worn) {rN+ Int+3 Dex-2}
   (You found it on level 4 of the Dungeon)

   It affects your intelligence (+3).
   It affects your dexterity (-2).
   It protects you from negative energy.
 E - a +0 pair of gloves (worn)
 F - a +0 pair of boots (worn)
 H - a +0 cloak (worn)
Jewellery
 x - an uncursed ring of resist corrosion
 C - a ring of protection from fire (right hand)
 J - a cursed -4 ring of strength (left hand)
Wands
 z - a wand of enslavement (3)
 L - a wand of flame (16)
Scrolls
 e - 2 scrolls of identify
 i - 2 scrolls of remove curse {unknown}
 j - 2 scrolls of blinking
 k - 2 scrolls of teleportation
 n - a scroll of amnesia {unknown}
 s - 2 scrolls of enchant armour {unknown}
 u - 2 scrolls of fog {unknown}
 v - 3 scrolls of magic mapping {unknown}
 I - a scroll of enchant weapon {unknown}
 M - a scroll of vulnerability {unknown}
Potions
 f - 3 potions of brilliance
 g - a potion of mutation
 h - 5 potions of heal wounds
 l - a potion of might
 m - 6 potions of curing
 p - 3 potions of haste
 r - a potion of attraction
 w - a potion of degeneration
 A - a potion of berserk rage
 K - a potion of flight


   Skills:
 + Level 10.4 Fighting
 * Level 14.6 Axes
 - Level 2.0 Throwing
 - Level 3.0 Dodging


You had 9 spell levels left.
You didn't know any spells.
Your spell library contained the following spells:

 Spells                   Type           Power        Failure   Level
 Foxfire                  Conj/Fire      0%           54%         1
 Poisonous Vapours        Pois/Air       0%           69%         2
 Confusing Touch          Hex            0%           89%         3
 Conjure Flame            Conj/Fire      0%           89%         3
 Gell's Gravitas          Tloc           0%           89%         3
 Inner Flame              Hex/Fire       0%           89%         3
 Mephitic Cloud           Conj/Pois/Air  0%           89%         3
 Petrify                  Tmut/Erth      0%           100%        4
 Sticky Flame             Conj/Fire      0%           100%        4
 Fireball                 Conj/Fire      0%           100%        5
 Metabolic Englaciation   Hex/Ice        0%           100%        5
 Yara's Violent Unravell  Hex/Tmut       0%           100%        5
 Freezing Cloud           Conj/Ice/Air   0%           100%        6


Dungeon Overview and Level Annotations

Branches:
Dungeon (9/15)             Temple (1/1) D:5
   Lair: D:8-11         Orc: D:9-12

Altars:
Ashenzari
Cheibriados
Dithmenos
Elyvilon
Fedhas
Gozag
Hepliaklqana
Kikubaaqudgha
Nemelex Xobeh
Okawaru
Qazlal
Ru
Sif Muna
Trog
Uskayaw
Vehumet
Wu Jian
Yredelemnul
Zin
The Shining One

Shops:
D:5 *


Message History

You hit the two-headed ogre.
The two-headed ogre is moderately wounded.
You slice the two-headed ogre!!
The two-headed ogre is severely wounded.
The two-headed ogre hits you with a +0 giant club!!
* * * LOW HITPOINT WARNING * * *
The two-headed ogre hits you with a +0 giant spiked club!!
* * * LOW HITPOINT WARNING * * *
Throw: 5 throwing nets
Press: ? - help, Q - select action, (/) - cycle Shift-Dir - straight line, f - two-headed ogre
Aim: a two-headed ogre, wielding a +0 giant club and a +0 giant spiked club (severely wounded, 77% to hit)
You throw a throwing net.
The throwing net barely misses the two-headed ogre.
Throw: 4 throwing nets
Press: ? - help, Q - select action, (/) - cycle Shift-Dir - straight line, f/p - two-headed ogre
Aim: a two-headed ogre, wielding a +0 giant club and a +0 giant spiked club (severely wounded, 77% to hit)
You throw a throwing net.
The throwing net barely misses the two-headed ogre.
The two-headed ogre hits you with a +0 giant club!!
You die...

.... #.# ##...##..#.
...... #.###...##
.#.# ##.....
##<#...### #._.
##....# ##(...#...#
##.....###..#
##.......##...#
.#........##.#..#
.........O.#.##.. #
..###.....#@#.###..#
..
##...##.#..##..#.#
#................#
#.##....##O##...##
.. #.#####.# .#
#####.#####O#
#.?....O..)#
#.##.####### #


You could see a two-headed ogre.

Vanquished Creatures
  An unseen horror (D:9)
  5 yaks
  A water moccasin (D:9)
  A sky beast (D:6)
  2 ice beasts
  An orc warrior (D:5)
  A phantom (D:8)
  5 ogres
  4 centaurs
  3 bullfrogs
  A big kobold (D:7)
  3 scorpions
  A wyvern skeleton (D:8)
  A centaur zombie (D:5)
  2 hounds
  A jelly (D:6)
  2 gnoll shamans
  Crazy Yiuf (D:7)
  A centaur skeleton (D:8)
  3 orc priests
  2 orc wizards
  Jessica (D:3)
  3 iguanas
  7 worker ants
  A killer bee zombie (D:8)
  2 worker ant zombies
  12 gnolls
  5 adders
  2 shadow imps
  2 white imps
  An ooze (D:2)
  3 adder skeletons
  5 worms
  3 dart slugs
  7 leopard geckos
  16 orcs
  11 bats
  6 giant cockroaches
  7 goblins
  8 hobgoblins
  10 jackals
  4 quokkas
  6 ball pythons
  4 frilled lizards
  A giant cockroach zombie (D:5)
  A jackal zombie (D:8)
  12 kobolds
  2 leopard gecko skeletons
  A quokka skeleton (D:6)
  2 rats
187 creatures vanquished.

Vanquished Creatures (others)
  2 plants (D:9)
2 creatures vanquished.

Grand Total: 189 creatures vanquished

Notes
Turn   | Place    | Note
-------+----------+-------------------------------------------
     0 | D:1      | Ladykiller69 the Hill Orc Gladiator began the quest for the
                  | Orb.
     0 | D:1      | Reached XP level 1. HP: 18/18 MP: 1/1
   373 | D:1      | Reached XP level 2. HP: 20/25 MP: 2/2
   540 | D:1      | Reached XP level 3. HP: 21/31 MP: 3/3
  1604 | D:2      | Reached XP level 4. HP: 23/38 MP: 4/4
  1931 | D:2      | Found an opulent altar of Gozag.
  1933 | D:2      | Found a hazy altar of Hepliaklqana.
  1933 | D:2      | Found a sacrificial altar of Ru.
  1954 | D:2      | Found a glowing golden altar of the Shining One.
  1957 | D:2      | Found a broken altar of Ashenzari.
  2053 | D:2      | Found an iron altar of Okawaru.
  2063 | D:2      | Reached skill level 5 in Axes
  2294 | D:2      | Found a bloodstained altar of Trog.
  2522 | D:3      | Found a faded altar of an unknown god.
  2539 | D:3      | Reached XP level 5. HP: 31/46 MP: 5/5
  3207 | D:3      | Noticed Jessica
  3214 | D:3      | Killed Jessica
  3215 | D:3      | Reached skill level 6 in Axes
  3553 | D:3      | Reached skill level 5 in Fighting
  3553 | D:3      | Reached XP level 6. HP: 42/56 MP: 6/6
  3914 | D:4      | Reached skill level 7 in Axes
  4298 | D:4      | Reached XP level 7. HP: 56/62 MP: 7/7
  4459 | D:4      | Got a faintly humming ring mail
  4470 | D:4      | Identified the +3 ring mail of Eternal Night {rN+ Int+3
                  | Dex-2} (You found it on level 4 of the Dungeon)
  4491 | D:4      | Reached skill level 8 in Axes
  5104 | D:5      | Entered Level 5 of the Dungeon
  5187 | D:5      | Found a staircase to the Ecumenical Temple.
  5217 | Temple   | Entered the Ecumenical Temple
  5222 | Temple   | Became a worshipper of the Wu Jian Council
  5285 | D:5      | Reached skill level 9 in Axes
  5605 | D:5      | Reached XP level 8. HP: 69/71 MP: 8/8
  5699 | D:5      | Found a blossoming altar of Fedhas.
  5843 | D:5      | Found Wecihaha's Assorted Antiques.
  5973 | D:5      | Reached skill level 10 in Axes
  6472 | D:6      | Reached * piety under Wu Jian
  6767 | D:6      | Reached skill level 11 in Axes
  7923 | D:7      | Reached XP level 9. HP: 50/82 MP: 9/9
  8347 | D:7      | Reached skill level 12 in Axes
  8936 | D:7      | Found a runed translucent door.
  8937 | D:7      | Noticed Crazy Yiuf
  9054 | D:7      | Killed Crazy Yiuf
  9346 | D:8      | Noticed a polar bear
  9652 | D:9      | Found a glowing golden altar of the Shining One.
  9719 | D:9      | Reached skill level 13 in Axes
  9727 | D:9      | Noticed a two-headed ogre
  9737 | D:9      | Reached ** piety under Wu Jian
 10180 | D:8      | Reached skill level 10 in Fighting
 10180 | D:8      | Reached skill level 14 in Axes
 10180 | D:8      | Reached XP level 10. HP: 60/93 MP: 10/10
 10537 | D:9      | Killed an unseen horror
 10851 | D:9      | Demolished by a two-headed ogre

Illustrated notes

Levels and vault maps discovered:
D:1:      erik_arrival_orb_chamber, layout_basic, minmay_misc_feat_tiny
D:2:      layout_rooms, grunt_temple_overflow_open,
          minmay_overflow_temple_star_hex
D:3:      layout_basic, chequers_ecumenical_altar_simple, uniq_jessica
D:4:      minmay_evil_eye, layout_loops_ring
D:5:      layout_basic, temple_pool_b, serial_shops, nicolae_shop_waterfront,
          amcnicky_altar_gilded
D:6:      layout_layer_cave
D:7:      layout_loops_ring, uniq_crazy_yiuf_cottage
D:8:      layout_layer_cave, grunt_temple_overflow_champion_of_chaos,
          serial_ice, serial_ice_d, serial_ice_i, serial_ice_o, serial_ice_c
D:9:      corexii_shack_village, layout_loops_ring, hangedman_decor_growths,
          minmay_shop_enchanted_jewellery, tso_metal_star
Temple:   cyrus_circular_temple

Skill      XL: |  1  2  3  4  5  6  7  8  9 |
---------------+----------------------------+-----
Throwing       | 2 |  2.0
Fighting       | 3 4 5 6 8 10 | 10.4
Dodging        | 3 |  3.0
Axes           | 5 6 7 9 11 14 | 14.6

Action                   |  1- 3 |  4- 6 |  7- 9 | 10-12 || total
-------------------------+-------+-------+-------+-------++-------
Melee: War axe           |   106 |   150 |   372 |    43 ||   671
Throw: Throwing net      |       |       |     1 |     2 ||     3
Invok: Lunge             |       |       |    23 |     2 ||    25
       Whirlwind         |       |       |    11 |     2 ||    13
  Use: Potion            |       |     2 |       |       ||     2
       Scroll            |       |       |       |    10 ||    10
 Stab: Sleeping          |     1 |       |       |       ||     1
Armor: Leather armour    |    37 |    20 |       |       ||    57
       Ring mail         |       |    31 |   107 |    28 ||   166
       Chain mail        |       |    16 |     3 |       ||    19
Dodge: Dodged            |   119 |   105 |   180 |    13 ||   417
